 Dungeon Crawl Stone Soup version 0.26.0-18-gc5c842f807 (webtiles) character file.

Game seed: 8096215458421845665

732 kaeus the Firebug (level 7, -5/36 HPs)
             Began as a Gargoyle Fire Elementalist on Jan 24, 2021.
             Was an Initiate of the Shining One.
             Killed from afar by a white imp (6 damage)
             ... with a puff of frost
             ... on level 5 of the Dungeon.
             The game lasted 00:07:11 (6653 turns).

kaeus the Firebug (Gargoyle Fire Elementalist)      Turns: 6653, Time: 00:07:12

Health: -5/36      AC:  7    Str: 12    XL:     7   Next: 73%
Magic:  12/12      EV: 12    Int: 17    God:    the Shining One [......]
Gold:   454        SH:  0    Dex: 10    Spells: 8/13 levels left

rFire    + . .     SeeInvis .   n - +2 hand axe (flame)
rCold    x . .     Faith    .   (no shield)
rNeg     + . .     Spirit   .   a - +0 robe
rPois    ∞         Reflect  .   (no helmet)
rElec    +         Harm     .   d - +0 cloak
rCorr    .         Rampage  .   (no gloves)
Will     .....                  (no boots)
Stlth    +.........             (no amulet)
HPRegen  0.12/turn              m - ring of wizardry
MPRegen  0.13/turn              p - ring of fire

@: glowing
A: negative energy resistance 1, electricity resistance, unbreathing,
petrification resistance, miasma immunity, AC +4
a: Renounce Religion


You were on level 5 of the Dungeon.
You worshipped the Shining One.
The Shining One was noncommittal.
You visited 2 branches of the dungeon, and saw 6 of its levels.

You collected 454 gold pieces.

Inventory:

Hand Weapons
 n - a +2 hand axe of flaming (weapon)
Armour
 a - a +0 robe (worn)
 d - a +0 cloak (worn)
 u - a scarf of resistance
Jewellery
 m - a ring of wizardry (left hand)
 p - a ring of fire (right hand)
 q - an uncursed ring of protection from fire
Wands
 s - a wand of flame (16)
 w - a wand of digging (5)
Scrolls
 c - 2 scrolls of magic mapping
 e - 4 scrolls of identify
 f - 4 scrolls of remove curse {unknown}
 i - 2 scrolls of amnesia {unknown}
 j - 2 scrolls of immolation
 k - a scroll of random uselessness {unknown}
 o - a scroll of teleportation {unknown}
 v - 3 scrolls of enchant armour {unknown}
 x - a scroll of blinking {unknown}
Potions
 b - 2 potions of degeneration {unknown}
 g - 2 potions of mutation {unknown}
 h - a potion of flight {unknown}
 l - 3 potions of heal wounds {unknown}
 r - 3 potions of magic {unknown}
 t - a potion of invisibility {unknown}
 z - a potion of haste {unknown}


   Skills:
 - Level 1.5 Dodging
 - Level 2.1 Stealth
 + Level 3.8 Spellcasting
 * Level 5.7 Conjurations
 * Level 6.0 Fire Magic


You had 8 spell levels left.
You knew the following spells:

 Your Spells              Type           Power        Failure   Level
a - Foxfire               Conj/Fire      100%         1%          1
b - Sticky Flame          Conj/Fire      34%          6%          4

Your spell library contained the following spells:

 Spells                   Type           Power        Failure   Level
 Conjure Flame            Conj/Fire      34%          1%          3
 Inner Flame              Hex/Fire       20%          6%          3
 Fireball                 Conj/Fire      17%          16%         5


Dungeon Overview and Level Annotations

Branches:
Dungeon (5/15)             Temple (1/1) D:4

Altars:
Ashenzari
Cheibriados
Dithmenos
Elyvilon
Fedhas
Gozag
Hepliaklqana
Kikubaaqudgha
Makhleb
Okawaru
Qazlal
Ru
Sif Muna
Trog
Uskayaw
Vehumet
Wu Jian
Xom
Yredelemnul
The Shining One


Innate Abilities, Weirdness & Mutations

You are resistant to torment.
Your stone body is resilient. (AC +4)
You are immune to poison.
You resist negative energy. (rN+)
You are resistant to electric shocks. (rElec)
You can survive without breathing.
You are immune to petrification.
You are immune to miasma.


Message History

The white imp hits you but does no damage. x2
You closely miss the white imp.
The white imp is moderately wounded.
The white imp closely misses you.
You closely miss the white imp.
The white imp is moderately wounded.
The white imp gestures at you. The puff of frost hits you!
You feel a terrible chill!
You take 9 damage, and have 14/36 hp.
MASSIVE DAMAGE!!
You barely miss the white imp.
The white imp is moderately wounded.
The white imp barely misses you.
You hit the white imp. You burn the white imp.
The white imp is almost dead.
The white imp gestures at you. The puff of frost hits you!
You feel a terrible chill!
* * * LOW HITPOINT WARNING * * *
The white imp gestures at you. The puff of frost hits you.
You feel a terrible chill!
You die...

.#†......#.# #.......,,,,,,,,*,*
...#######.###...#***,****,*,*,*
...##............# *,* *,*,*,*
......##...###...# *,* *,,,,,*
...#####.### #.#.# *,* **,*,*,**
...#***#.#***#.#.# *,***,,*,*,,*
....,,,...,,,..#.# **,,,,,,,,,,,*
##.#**##.#**####.#**,****,,,,,*,*
#.# #.# #@#*,,,*,,,,,,,,** #.#
#.# #5#,,,,,,,,,,,,** #.* *,*
#.#*,,,*,******* *,*
*,******#.#**,**,*
*,*****,,,,,,,...,,,**,*
*,,,,,,*******#.#*****,* ******,*
****#!# *,* *,* *,,,..# *,* ****
*,* *,***** *,*


You could see a white imp.

Vanquished Creatures
  An ogre (D:4)
  A scorpion (D:4)
  A howler monkey (D:4)
  3 orc wizards
  A bullfrog skeleton (D:4)
  2 hounds
  Natasha (thrice) (D:3)
  4 worker ants (D:4)
  2 hound skeletons (D:4)
  A worker ant zombie (D:5)
  3 gnolls (D:4)
  4 adders
  4 worms
  A dart slug (D:2)
  4 leopard geckos
  10 orcs
  5 giant cockroaches
  4 goblins
  6 hobgoblins
  2 jackals (D:3)
  8 kobolds
  4 quokkas
  2 ball pythons (D:1)
  11 bats
  5 frilled lizards (D:1)
  12 rats
104 creatures vanquished.

Vanquished Creatures (collateral kills)
  A foxfire (D:1)
1 creature vanquished.

Vanquished Creatures (others)
  336 foxfires
336 creatures vanquished.

Grand Total: 441 creatures vanquished

Notes
Turn   | Place    | Note
-------+----------+-------------------------------------------
     0 | D:1      | kaeus the Gargoyle Fire Elementalist began the quest for
                  | the Orb.
     0 | D:1      | Reached XP level 1. HP: 10/10 MP: 3/3
   291 | D:1      | Reached XP level 2. HP: 15/15 MP: 0/5
   920 | D:1      | Reached XP level 3. HP: 19/19 MP: 4/6
  2100 | D:2      | Reached XP level 4. HP: 24/24 MP: 1/7
  2513 | D:2      | Found a radiant altar of Vehumet.
  2975 | D:3      | Reached skill level 4 in Fire Magic
  3279 | D:3      | Reached XP level 5. HP: 28/28 MP: 5/9
  3331 | D:3      | Noticed an air elemental
  3332 | D:3      | Found a stormy altar of Qazlal.
  3335 | D:3      | Noticed a fire elemental
  3335 | D:3      | Noticed a water elemental
  3399 | D:3      | Noticed Natasha
  3415 | D:3      | Killed Natasha
  3607 | D:3      | Learned a level 4 spell: Sticky Flame
  3680 | D:3      | Noticed Natasha
  3688 | D:3      | Killed Natasha
  3728 | D:3      | Found an opulent altar of Gozag.
  3892 | D:3      | Noticed Natasha
  3895 | D:3      | Killed Natasha
  4002 | D:3      | Found a shimmering blue altar of Sif Muna.
  4282 | D:4      | Reached XP level 6. HP: 32/32 MP: 5/10
  4448 | D:4      | Found a staircase to the Ecumenical Temple.
  4582 | D:4      | Reached skill level 5 in Fire Magic
  4658 | D:4      | Found a snail-covered altar of Cheibriados.
  4851 | D:4      | Reached XP level 7. HP: 36/36 MP: 5/12
  5069 | D:4      | Reached skill level 5 in Conjurations
  6123 | Temple   | Entered the Ecumenical Temple
  6477 | Temple   | Became a worshipper of the Shining One
  6547 | D:5      | Entered Level 5 of the Dungeon
  6557 | D:5      | Reached skill level 6 in Fire Magic
  6653 | D:5      | HP: 1/36 [white imp/puff of frost (13)]
  6653 | D:5      | Killed from afar by a white imp

Illustrated notes

Levels and vault maps discovered:
D:1:      dpeg_arrival_rooms_b, layout_basic, serial_bayou_pond_b, st_stairs_13,
          minivault_23
D:2:      minmay_general_purpose_star, layout_basic, lemuel_round_altar,
          amethyst_killhole, minmay_misc_feat_more_columns,
          kennysheep_decorative_pillar
D:3:      layout_loops_ring, nicolae_qazlal_style_of_elements,
          lemuel_round_altar, general_overflow_altar, uniq_natasha
D:4:      minmay_polygon_palace, layout_loops_ring, lemuel_round_altar,
          minmay_temple_entry_enclosed_plants
D:5:      layout_loops_ring, gup_sewer_entry_bubbles
Temple:   regret_index_temple_waves

Skill      XL: |  1  2  3  4  5  6  7 |
---------------+----------------------+-----
Conjurations   | 2 3 4 5 |  5.7
Fire Magic     | 4 5 6 |  6.0
Spellcasting   | 3 |  3.8
Dodging        | |  1.5
Stealth        | |  2.1

Action                   |  1- 3 |  4- 6 |  7- 9 || total
-------------------------+-------+-------+-------++-------
Melee: Dagger            |    37 |       |       ||    37
       Unarmed           |     6 |       |       ||     6
       Morningstar       |     1 |     8 |       ||     9
       Hand axe          |       |    28 |    62 ||    90
 Cast: Foxfire           |    92 |   114 |    47 ||   253
  Use: Scroll            |       |       |     3 ||     3
Armor: Robe              |    14 |    10 |    22 ||    46
Dodge: Dodged            |    42 |    23 |    38 ||   103
